 Dungeon Crawl Stone Soup version 0.27-a0-1119-gbf574a6a6b (webtiles) character file.

Game seed: 17981742974594413782

2 kodamatunes15 the Slasher (level 1, -2/17 HPs)
             Began as a Ghoul Gladiator on May 2, 2021.
             Slain by a kobold
             ... wielding a +0 short sword
              (4 damage)
             ... on level 1 of the Dungeon.
             The game lasted 00:00:20 (34 turns).

kodamatunes15 the Slasher (Ghoul Gladiator)           Turns: 34, Time: 00:00:21

Health: -2/17      AC:  4    Str: 17    XL:     1   Next: 30%
Magic:  0/0        EV: 12    Int:  3    God:
Gold:   0          SH:  0    Dex: 10    Spells: 0/0 levels left

rFire    . . .     SeeInvis .   a - +0 long sword
rCold    + . .     Faith    .   (no shield)
rNeg     + + +     Spirit   .   b - +0 leather armour
rPois    ∞         Reflect  .   c - +0 helmet
rElec    .         Harm     .   (no cloak)
rCorr    .         Rampage  .   (no gloves)
Will     .....                  (no boots)
Stlth    +.........             (no amulet)
HPRegen  0.00/turn              (no ring)
MPRegen  0.07/turn              (no ring)

@: no status effects
A: claws 1, cold resistance 1, negative energy resistance 3, inhibited
regeneration, torment resistance 2, unbreathing 1
a: no special abilities


You were on level 1 of the Dungeon.
You visited 1 branch of the dungeon, and saw 1 of its levels.

Inventory:

Hand Weapons
 a - a +0 long sword (weapon)
Missiles
 d - 3 throwing nets (quivered)
Armour
 b - a +0 leather armour (worn)
 c - a +0 helmet (worn)


   Skills:
 + Level 2.2 Fighting
 + Level 2.8 Long Blades
 + Level 1.7 Throwing
 + Level 2.6 Dodging


You couldn't memorise any spells.
You didn't know any spells.
Your spell library was empty.

Dungeon Overview and Level Annotations

Branches:
Dungeon (1/15)

Altars:


Innate Abilities, Weirdness & Mutations

You thrive by killing the living.
You are immune to poison.
You have sharp fingernails.
Your flesh is cold resistant. (rC+)
You are immune to negative energy. (rN+++)
You do not regenerate when monsters are visible.
You are immune to unholy pain and torment.
You can survive without breathing.


Message History

You slash the quokka!
You kill the quokka!
You feel better.
A kobold comes into view. It is wielding a +0 short sword.
A quokka comes into view.
The kobold closely misses you.
There is a large open door here.
You see here a quokka corpse.
You hit the kobold.
The kobold is severely wounded.
The kobold hits you with a +0 club.
You slash the kobold!
You kill the kobold!
You feel better. The kobold closely misses you.
You riposte.
You hit the kobold.
The kobold is heavily wounded.
Things that are here:
a +0 club; a kobold corpse You barely miss the kobold.
The kobold is heavily wounded.
The kobold hits you with a +0 short sword.
The kobold hits you but does no damage.
You closely miss the kobold.
The kobold is heavily wounded.
The quokka splashes around in the water. x2
The kobold barely misses you.
You barely miss the kobold.
The kobold is moderately wounded.
The quokka barely misses you.
The kobold hits you with a +0 short sword.
* * * LOW HITPOINT WARNING * * *
The quokka barely misses you.
You barely miss the kobold.
The kobold is moderately wounded.
The kobold barely misses you. The quokka closely misses you.
You miss the kobold.
The kobold is moderately wounded.
The quokka bites you but does no damage.
The kobold hits you with a +0 short sword.
You die...

..####≈..
......≈.##############
......≈8#≈≈≈≈≈#.≈≈.#.#
...$..≈.#≈...≈#.≈≈.#.#
......≈.#≈.#.≈#.§§.#.#
......≈8#≈.#.≈#.≈≈.#.#
......r.#≈.#.≈#.≈≈.#.#
......K@†..#..'....'.#
........'..#..'....'<#
......≈.#≈.#.≈#.≈≈.#.#
#+####≈8#≈.#.≈#.≈≈.#.#
...≈.#≈.#.≈#§≈≈.#.#
.#.≈.#≈...≈#§§≈.#.# #
#.≈8#≈≈≈≈≈#.≈≈.#.#
#.≈.##############


You could see a quokka and a kobold.

Vanquished Creatures
  A quokka (D:1)
  A kobold (D:1)
2 creatures vanquished.

Notes
Turn   | Place    | Note
-------+----------+-------------------------------------------
     0 | D:1      | kodamatunes15 the Ghoul Gladiator began the quest for the
                  | Orb.
     0 | D:1      | Reached XP level 1. HP: 17/17 MP: 0/0
    34 | D:1      | Slain by a kobold

Illustrated notes

Levels and vault maps discovered:
D:1:      lightli_arrival_isolated_outpost, layout_basic

Action                   || total
-------------------------++-------
Melee: Long sword        ||    10
Armor: Leather armour    ||     2
Dodge: Dodged            ||     8
       Rpst.: Long sword ||     1

Table legend: (Time is in decaauts)
 A = Elapsed time spent in this place.
 B = Non-inter-level travel time spent in this place.
 C = Inter-level travel time spent in this place.
 D = Time resting spent in this place.
 E = Time spent auto-exploring this place.
 F = Levels seen in this place.
 G = Mean time per level.
                   A        B        C        D        E       F      G
               +--------+--------+--------+--------+--------+-----+--------+
         Total |     36 |     18 |     18 |      0 |      0 |   1 |   36.0 |
       Dungeon |     36 |     18 |     18 |      0 |      0 |   1 |   36.0 |
               +--------+--------+--------+--------+--------+-----+--------+

Top non-repeatable levels by time:
     D:1: 36 daAuts
